Thunderbirds vs Wolves
Created - February 5, 2022 at 22:12
Goals
|
| Thunderbirds |
2 |
2 |
0 |
4 |
| Wolves |
2 |
3 |
1 |
6 |
|
Shots
|
| Thunderbirds |
12 |
8 |
8 |
28 |
| Wolves |
10 |
11 |
11 |
32 |
|
1st period
1. Wolves , Kyle Rau 12 (Jeffrey Foss 16, Lawson Crouse 16) at 0:10
2. Thunderbirds , Quinton Howden 12 (Valentin Zykov 17) at 7:19
3. Thunderbirds , Kirill Kaprizov 9 (Elias Lindholm 19, Niklas Hansson 17) at 11:01
4. Wolves , Lawson Crouse 14 (Jeffrey Foss 17) at 13:51 (PP)
Penalties :
Kirill Kaprizov (Spr) for Holding (Minor) at 13:01, Griffin Reinhart (Spr) for Tripping (Minor) at 15:02
2nd period
5. Wolves , Matthew Highmore 8 (Victor Olofsson 12, Sebastian Aho 20) at 7:35
6. Thunderbirds , Quinton Howden 13 (Jerry D'Amigo 13, Valentin Zykov 18) at 8:34 (PP)
7. Wolves , Lawson Crouse 15 (Joe Morrow 20, Alexandre Grenier 24) at 9:38 (PP)
8. Wolves , Eric Robinson 4 (Joe Morrow 21) at 11:34 (PP)
9. Thunderbirds , Michal Jordan 3 (Nicklas Jensen 2, Roberts Lipsbergs 2) at 19:13
Penalties :
Mitchell Heard (Spr) for Slashing (Minor) at 1:15, Jeffrey Foss (Chi) for Tripping (Minor) at 8:18, Niklas Hansson (Spr) for Hooking (Minor) at 8:57, Valentin Zykov (Spr) for High sticking (Minor) at 11:23, Quinton Howden (Spr) for Tripping (Minor) at 12:01
3rd period
10. Wolves , Kyle Rau 13 (Lawson Crouse 17, Alexandre Grenier 25) at 19:56 (Empty Net)
Penalties :
Niklas Hansson (Spr) for Hooking (Minor) at 0:18, Mitchell Heard (Spr) for Hooking (Minor) at 3:53, Kyle Rau (Chi) for Holding (Minor) at 11:34, Alexandre Grenier (Chi) for Roughing (Minor) at 16:31
Goalie Stats
Igor Bobkov (Spr), 14 saves from 19 shots - (0.737), L, 6-5-1, 31:34 minutes
Carter Hutton (Spr), 12 saves from 12 shots - (1.000), 28:00 minutes
Ebbe Siönäs (Chi), 24 saves from 28 shots - (0.857), W, 5-0-0, 60:00 minutes
Players Stats for Thunderbirds
Player Name G A P +/- PIM S H SB GA TA FO MP PP MP PK MP
------------------------------------------------------------------------------------
Elias Lindholm 0 1 1 1 0 2 3 0 0 0 6/10 17:27 1:46 3:53
Griffin Reinhart 0 0 0 0 2 3 1 0 0 0 0/0 27:30 2:36 4:30
Hudson Fasching 0 0 0 -2 0 2 1 0 0 0 0/0 9:51 0:08 0:00
Jake Walman 0 0 0 -1 0 0 0 0 0 1 0/0 13:24 0:00 2:03
Jerry D'Amigo 0 1 1 0 0 2 3 0 0 0 3/4 23:38 2:21 6:41
John Draeger 0 0 0 0 0 1 0 1 0 0 0/0 22:11 1:38 7:13
Kirill Kaprizov 1 0 1 0 2 2 2 0 1 0 0/1 16:58 1:45 1:57
Matt Puempel 0 0 0 -1 0 0 0 0 0 1 1/1 10:56 0:08 1:40
Michal Jordan 1 0 1 1 0 4 2 0 1 0 0/0 19:09 1:38 4:24
Mitchell Heard 0 0 0 -1 4 2 0 1 0 0 1/5 10:16 0:13 0:26
Nelson Nogier 0 0 0 0 0 0 0 0 0 1 0/0 10:14 0:00 0:00
Nicklas Jensen 0 1 1 1 0 2 3 0 1 0 0/0 7:40 0:00 0:00
Niklas Hansson 0 1 1 0 4 0 2 2 0 0 0/0 27:39 2:36 5:04
Quinton Howden 2 0 2 -1 2 4 1 0 1 1 18/33 22:44 2:15 5:39
Roberts Lipsbergs 0 1 1 1 0 0 0 0 1 0 0/0 7:40 0:00 0:00
Tanner Laczynski 0 0 0 1 0 1 0 1 1 1 2/4 7:40 0:00 0:00
Tom Kuhnhackl 0 0 0 1 0 2 0 1 0 0 0/0 16:22 1:45 2:58
Valentin Zykov 0 2 2 0 2 1 3 1 0 0 2/2 16:56 2:21 0:00
Players Stats for Wolves
Player Name G A P +/- PIM S H SB GA TA FO MP PP MP PK MP
------------------------------------------------------------------------------------
Alexandre Grenier 0 2 2 0 2 3 1 0 1 1 1/4 22:53 6:52 1:14
Anton Lindholm 0 0 0 1 0 0 0 0 0 0 0/0 18:48 4:34 2:07
Antti Suomela 0 0 0 0 0 1 1 0 0 1 1/4 11:16 0:00 1:35
Dylan Coghlan 0 0 0 0 0 0 1 0 0 0 0/0 5:37 0:00 0:00
Eric Robinson 1 0 1 0 0 2 0 0 0 1 0/0 17:57 4:32 1:38
Fredrik Olofsson 0 0 0 0 0 0 2 0 0 0 0/0 10:36 0:00 0:55
Jakub Zboril 0 0 0 -1 0 0 1 0 0 0 0/0 9:19 0:00 0:00
Jalen Chatfield 0 0 0 -1 0 0 0 1 0 1 0/0 9:19 0:00 0:00
Jeff Petry 0 0 0 1 0 0 1 3 2 0 0/0 18:48 4:34 2:07
Jeffrey Foss 0 2 2 0 2 1 0 2 0 0 0/0 26:15 7:03 2:07
Joe Morrow 0 2 2 0 0 4 2 4 0 0 0/0 26:16 7:03 2:07
Joona Koppanen 0 0 0 0 0 0 0 0 0 0 0/0 0:00 0:00 0:00
Kevin Stenlund 0 0 0 0 0 0 0 0 0 0 0/0 0:43 0:13 0:22
Kieffer Bellows 0 0 0 0 0 0 0 0 0 0 0/0 7:37 0:00 0:00
Kyle Rau 2 0 2 0 2 7 4 0 0 1 20/35 23:12 6:52 1:16
Lawson Crouse 2 2 4 0 0 6 0 1 1 1 0/2 21:20 6:44 0:00
Liam O'Brien 0 0 0 0 0 0 0 0 0 0 0/1 0:59 0:31 0:00
Matthew Highmore 1 0 1 0 0 1 1 0 0 0 1/1 7:37 0:00 0:00
Samuel Girard 0 0 0 0 0 0 0 0 0 0 0/0 5:37 0:00 0:00
Sebastian Aho 0 1 1 0 0 4 3 0 0 0 4/11 16:35 4:32 0:00
Thomas Spelling 0 0 0 0 0 1 0 0 1 0 0/0 9:19 0:03 0:00
Victor Olofsson 0 1 1 0 0 0 0 0 0 0 0/1 16:35 4:32 0:00
Wade Allison 0 0 0 0 0 2 0 1 0 0 0/0 7:37 0:00 0:00
Zachary Senyshyn 0 0 0 0 0 0 0 0 0 0 0/1 1:28 0:00 1:28
3 Stars
1 - Lawson Crouse (Chi)
2 - Kyle Rau (Chi)
3 - Joe Morrow (Chi)
Power Play
Thunderbirds - 1 on 3 Attempt(s) - 33.33%
Wolves - 3 on 8 Attempt(s) - 37.50%
Penalty Kill
Thunderbirds - 5 on 8 Attempt(s) - 62.50%
- Score 0 goal in Penalty Kill
Wolves - 2 on 3 Attempt(s) - 66.67%
- Score 0 goal in Penalty Kill
Team Stat
Thunderbirds - Hits : 21 - Faceoff Wins : 33 - Blocked Shots : 7 - Penalty Minutes : 16
Wolves - Hits : 17 - Faceoff Wins : 27 - Blocked Shots : 12 - Penalty Minutes : 6
Official
Referees : Chris Rooney and Kendrick Nicholson
Linesman : Ryan Daisy and Derek Amell
Game Notes
Carter Hutton enters game at 11:34 of 2nd period
14:24 of 3rd period - Wolves goal is going for a video replay. After video review, No Goal. The net was displaced accidentally.
Kyle Rau has scored in a empty net!
Finance
Level 1 -- Attendance: 2000 (100.00%) -- Ticket Income $70,000
Level 2 -- Attendance: 931 (93.10%) -- Ticket Income $13,965
Total Attendance: 2931 (97.70%)
Total Ticket Income: $83,965
Other Income: $4,198
Total Income: $88,163
Thunderbirds
5 vs 5 Forward
Center Left Wing Right Wing Time % Phy DF OF
1 Quinton Howden Valentin Zykov Jerry D'Amigo 40 0 2 3
2 Elias Lindholm Kirill Kaprizov Tom Kuhnhackl 30 0 2 3
3 Mitchell Heard Matt Puempel Hudson Fasching 20 1 2 2
4 Tanner Laczynski Roberts Lipsbergs Nicklas Jensen 10 0 2 3
5 vs 5 Defense
Defense Defense Time % Phy DF OF
1 Griffin Reinhart Niklas Hansson 40 0 2 3
2 Michal Jordan John Draeger 30 1 2 2
3 Nelson Nogier Jake Walman 20 1 2 2
4 Griffin Reinhart Niklas Hansson 10 0 2 3
PowerPlay Forward
Center Left Wing Right Wing Time % Phy DF OF
1 Quinton Howden Valentin Zykov Jerry D'Amigo 60 0 1 4
2 Elias Lindholm Kirill Kaprizov Tom Kuhnhackl 40 0 1 4
PowerPlay Defense
Defense Defense Time % Phy DF OF
1 Griffin Reinhart Niklas Hansson 60 0 2 3
2 Michal Jordan John Draeger 40 0 2 3
Penalty Kill 4 Players Forward
Center Wing Time % Phy DF OF
1 Quinton Howden Jerry D'Amigo 60 1 3 1
2 Elias Lindholm Tom Kuhnhackl 40 1 3 1
Penalty Kill 4 Players Defense
Defense Defense Time % Phy DF OF
1 John Draeger Niklas Hansson 60 1 4 0
2 Griffin Reinhart Michal Jordan 40 1 4 0
Penalty Kill - 3 Players Forward
Forward Time % Phy DF OF
1 Quinton Howden 60 1 3 1
2 Jerry D'Amigo 40 1 3 1
Penalty Kill - 3 Players Defense
Defense Defense Time % Phy DF OF
1 John Draeger Niklas Hansson 60 1 4 0
2 Griffin Reinhart Michal Jordan 40 1 4 0
4 vs 4 Forward
Center Wing Time % Phy DF OF
1 Quinton Howden Valentin Zykov 60 0 2 3
2 Elias Lindholm Kirill Kaprizov 40 0 2 3
4 vs 4 Defense
Defense Defense Time % Phy DF OF
1 Griffin Reinhart Niklas Hansson 60 0 2 3
2 Michal Jordan John Draeger 40 0 2 3
Last Minutes Offensive
Center Left Wing Right Wing Defense Defense
Quinton Howden Valentin Zykov Jerry D'Amigo Griffin Reinhart Niklas Hansson
Last Minutes Defensive
Center Left Wing Right Wing Defense Defense
Quinton Howden Valentin Zykov Jerry D'Amigo John Draeger Niklas Hansson
Goaltenders
Starting : Igor Bobkov
Backup : Carter Hutton
Extra Forwards
Normal : Kirill Kaprizov, Valentin Zykov, Elias Lindholm - PP : Kirill Kaprizov, Valentin Zykov - PK : Kirill Kaprizov
Extra Defensemen
Normal : Michal Jordan, Griffin Reinhart, Niklas Hansson - PP : Jake Walman - PK : John Draeger, Niklas Hansson
Penalty Shots
Tanner Laczynski, Tom Kuhnhackl, Quinton Howden, Elias Lindholm, Kirill Kaprizov
Scratches
Austin Poganski (Healthy), Connor Honey (Healthy), Dmytro Timashov (Healthy), Keaton Thompson (Healthy), Kyle Platzer (Healthy)
Lukas Vejdemo (Healthy), Michael McCarron (Healthy), Viktor Baldayev (Healthy), Clayton Keller (Healthy), Calvin Thurkauf (Healthy)
Artur Kayumov (Healthy), Niklas Treutle (Healthy), Artyom Zagidulin (Healthy)
Wolves
5 vs 5 Forward
Center Left Wing Right Wing Time % Phy DF OF
1 Kyle Rau Lawson Crouse Alexandre Grenier 40 1 2 2
2 Sebastian Aho Eric Robinson Victor Olofsson 30 1 2 2
3 Antti Suomela Fredrik Olofsson Thomas Spelling 20 1 2 2
4 Matthew Highmore Kieffer Bellows Wade Allison 10 1 2 2
5 vs 5 Defense
Defense Defense Time % Phy DF OF
1 Jeffrey Foss Joe Morrow 40 1 2 2
2 Anton Lindholm Jeff Petry 30 1 2 2
3 Jalen Chatfield Jakub Zboril 20 1 2 2
4 Samuel Girard Dylan Coghlan 10 1 2 2
PowerPlay Forward
Center Left Wing Right Wing Time % Phy DF OF
1 Kyle Rau Lawson Crouse Alexandre Grenier 60 1 2 2
2 Sebastian Aho Eric Robinson Victor Olofsson 40 1 2 2
PowerPlay Defense
Defense Defense Time % Phy DF OF
1 Jeffrey Foss Joe Morrow 60 1 2 2
2 Anton Lindholm Jeff Petry 40 1 2 2
Penalty Kill 4 Players Forward
Center Wing Time % Phy DF OF
1 Alexandre Grenier Kyle Rau 60 1 2 2
2 Sebastian Aho Lawson Crouse 40 1 2 2
Penalty Kill 4 Players Defense
Defense Defense Time % Phy DF OF
1 Jeffrey Foss Joe Morrow 60 1 2 2
2 Anton Lindholm Jeff Petry 40 1 2 2
Penalty Kill - 3 Players Forward
Forward Time % Phy DF OF
1 Alexandre Grenier 60 1 2 2
2 Kyle Rau 40 1 2 2
Penalty Kill - 3 Players Defense
Defense Defense Time % Phy DF OF
1 Jeffrey Foss Joe Morrow 60 1 2 2
2 Anton Lindholm Jeff Petry 40 1 2 2
4 vs 4 Forward
Center Wing Time % Phy DF OF
1 Alexandre Grenier Kyle Rau 60 1 2 2
2 Sebastian Aho Lawson Crouse 40 1 2 2
4 vs 4 Defense
Defense Defense Time % Phy DF OF
1 Jeffrey Foss Joe Morrow 60 1 2 2
2 Anton Lindholm Jeff Petry 40 1 2 2
Last Minutes Offensive
Center Left Wing Right Wing Defense Defense
Kyle Rau Lawson Crouse Alexandre Grenier Jeffrey Foss Joe Morrow
Last Minutes Defensive
Center Left Wing Right Wing Defense Defense
Kyle Rau Lawson Crouse Alexandre Grenier Jeffrey Foss Joe Morrow
Goaltenders
Starting : Ebbe Siönäs
Backup : Sergei Kostenko
Extra Forwards
Normal : Liam O'Brien, Kevin Stenlund, Zachary Senyshyn - PP : Liam O'Brien, Kevin Stenlund - PK : Zachary Senyshyn
Extra Defensemen
Normal : Jalen Chatfield, Jakub Zboril, Samuel Girard - PP : Jalen Chatfield - PK : Jakub Zboril, Samuel Girard
Penalty Shots
Alexandre Grenier, Kyle Rau, Sebastian Aho, Lawson Crouse, Victor Olofsson
Scratches
Laurent Brossoit (Exhaustion)
% Time on Ice - Thunderbirds
Lines # - Real PCT - Wanted PCT - Time Play
Normal Forward
1 - 35% - 40% - 15:07
2 - 28% - 30% - 12:01
3 - 19% - 20% - 8:24
4 - 18% - 10% - 7:40
Normal Defense
1 - 42% - 40% - 18:11
2 - 30% - 30% - 12:57
3 - 24% - 20% - 10:14
4 - 4% - 10% - 1:50
PP Forward
1 - 59% - 60% - 2:29
2 - 41% - 40% - 1:45
PP Defense
1 - 61% - 60% - 2:36
2 - 39% - 40% - 1:38
PK Forward
1 - 74% - 60% - 8:39
2 - 26% - 40% - 2:58
PK Defense
1 - 70% - 60% - 8:05
2 - 30% - 40% - 3:32
PK3 Forward
1 - 0% - 60%
2 - 0% - 40%
PK3 Defense
1 - 0% - 60%
2 - 0% - 40%
44 Forward
1 - 0% - 60%
2 - 0% - 40%
44 Defense
1 - 0% - 60%
2 - 0% - 40%
Last Minute Offensive - 0:57
Last Minute Defensive - 0:00
Total
Forward - 60:00
Defense - 60:00
|
% Time on Ice - Wolves
Lines # - Real PCT - Wanted PCT - Time Play
Normal Forward
1 - 33% - 40% - 14:19
2 - 28% - 30% - 12:03
3 - 21% - 20% - 9:16
4 - 18% - 10% - 7:37
Normal Defense
1 - 38% - 40% - 16:17
2 - 28% - 30% - 12:07
3 - 21% - 20% - 9:14
4 - 13% - 10% - 5:37
PP Forward
1 - 61% - 60% - 7:05
2 - 39% - 40% - 4:32
PP Defense
1 - 61% - 60% - 7:03
2 - 39% - 40% - 4:34
PK Forward
1 - 100% - 60% - 4:14
2 - 0% - 40% - 0:00
PK Defense
1 - 50% - 60% - 2:07
2 - 50% - 40% - 2:07
PK3 Forward
1 - 0% - 60%
2 - 0% - 40%
PK3 Defense
1 - 0% - 60%
2 - 0% - 40%
44 Forward
1 - 0% - 60%
2 - 0% - 40%
44 Defense
1 - 0% - 60%
2 - 0% - 40%
Last Minute Offensive - 0:00
Last Minute Defensive - 0:54
Total
Forward - 60:00
Defense - 60:00
|
Play-by-Play
1st period
0:01 of 1st period - Kyle Rau wins face-off versus Jerry D'Amigo in neutral zone.
0:04 of 1st period - Snap shot by Alexandre Grenier.
0:04 of 1st period - Stopped by Igor Bobkov with a rebound.
0:06 of 1st period - Slapshot by Jeffrey Foss.
0:06 of 1st period - Deflect By Lawson Crouse.
0:06 of 1st period - Stopped by Igor Bobkov with a rebound.
0:08 of 1st period - Snap shot by Jeffrey Foss.
0:08 of 1st period - Stopped by Igor Bobkov with a rebound.
0:10 of 1st period - Wrist shot by Kyle Rau.
0:10 of 1st period - Goal by Kyle Rau - Thunderbirds : 0 - Wolves : 1.
0:11 of 1st period - Sebastian Aho wins face-off versus Elias Lindholm in neutral zone.
0:24 of 1st period - Wrist shot by Eric Robinson.
0:24 of 1st period - Shot Misses the Net.
0:26 of 1st period - Snap shot by Sebastian Aho.
0:26 of 1st period - Shot Misses the Net.
1:28 of 1st period - Slapshot by Griffin Reinhart.
1:28 of 1st period - Shot Blocked by Joe Morrow.
1:44 of 1st period - Off-side.
1:45 of 1st period - Antti Suomela wins face-off versus Elias Lindholm in neutral zone.
2:29 of 1st period - Niklas Hansson is hit by Sebastian Aho and loses puck.
3:18 of 1st period - Wrist shot by Jerry D'Amigo.
3:18 of 1st period - Stopped by Ebbe Siönäs without a rebound.
3:19 of 1st period - Kyle Rau wins face-off versus Quinton Howden in Wolves zone.
3:40 of 1st period - Backhand shot by Valentin Zykov.
3:40 of 1st period - Shot Blocked by Jalen Chatfield.
3:42 of 1st period - Slapshot by John Draeger.
3:42 of 1st period - Deflect By Quinton Howden.
3:42 of 1st period - Shot Misses the Net.
3:42 of 1st period - Puck is out of play.
3:43 of 1st period - Sebastian Aho wins face-off versus Mitchell Heard in Wolves zone.
4:04 of 1st period - John Draeger is hit by Dylan Coghlan.
4:28 of 1st period - Kyle Rau is hit by Michal Jordan and loses puck.
4:51 of 1st period - Wrist shot by Tanner Laczynski.
4:51 of 1st period - Stopped by Ebbe Siönäs with a rebound.
5:31 of 1st period - Slapshot by Joe Morrow.
5:31 of 1st period - Stopped by Igor Bobkov with a rebound.
5:40 of 1st period - Icing by Joe Morrow.
5:41 of 1st period - Valentin Zykov wins face-off versus Sebastian Aho in Wolves zone.
6:12 of 1st period - Snap shot by Thomas Spelling.
6:12 of 1st period - Shot Misses the Net.
6:26 of 1st period - Michal Jordan is hit by Kyle Rau and loses puck.
7:07 of 1st period - Slapshot by Tanner Laczynski.
7:07 of 1st period - Shot Blocked by Joe Morrow.
7:11 of 1st period - Snap shot by Quinton Howden.
7:11 of 1st period - Stopped by Ebbe Siönäs without a rebound.
7:12 of 1st period - Quinton Howden wins face-off versus Kyle Rau in Wolves zone.
7:19 of 1st period - Wrist shot by Quinton Howden.
7:19 of 1st period - Goal by Quinton Howden - Thunderbirds : 1 - Wolves : 1.
7:20 of 1st period - Quinton Howden wins face-off versus Alexandre Grenier in neutral zone.
7:27 of 1st period - Snap shot by Quinton Howden.
7:27 of 1st period - Shot Misses the Net.
7:54 of 1st period - Victor Olofsson is hit by Elias Lindholm and loses puck.
8:43 of 1st period - Wrist shot by Tom Kuhnhackl.
8:43 of 1st period - Stopped by Ebbe Siönäs without a rebound.
8:44 of 1st period - Kyle Rau wins face-off versus Quinton Howden in Wolves zone.
8:44 of 1st period - Kyle Rau is hit by Jerry D'Amigo.
8:50 of 1st period - Nelson Nogier is hit by Alexandre Grenier and loses puck.
8:59 of 1st period - Wrist shot by Alexandre Grenier.
8:59 of 1st period - Stopped by Igor Bobkov without a rebound.
9:00 of 1st period - Sebastian Aho wins face-off versus Mitchell Heard in Thunderbirds zone.
9:13 of 1st period - Wrist shot by Sebastian Aho.
9:13 of 1st period - Stopped by Igor Bobkov without a rebound.
9:14 of 1st period - Quinton Howden wins face-off versus Kyle Rau in Thunderbirds zone.
9:21 of 1st period - Wrist shot by Valentin Zykov.
9:21 of 1st period - Stopped by Ebbe Siönäs with a rebound.
9:39 of 1st period - Jake Walman is hit by Fredrik Olofsson and loses puck.
9:58 of 1st period - Icing by Joe Morrow.
9:59 of 1st period - Sebastian Aho wins face-off versus Elias Lindholm in Wolves zone.
10:55 of 1st period - Snap shot by Kirill Kaprizov.
10:55 of 1st period - Shot Misses the Net.
10:59 of 1st period - Snap shot by Elias Lindholm.
10:59 of 1st period - Stopped by Ebbe Siönäs with a rebound.
11:01 of 1st period - Snap shot by Kirill Kaprizov.
11:01 of 1st period - Goal by Kirill Kaprizov - Thunderbirds : 2 - Wolves : 1.
11:02 of 1st period - Kyle Rau wins face-off versus Quinton Howden in neutral zone.
11:05 of 1st period - Quinton Howden is hit by Kyle Rau and loses puck.
11:14 of 1st period - Alexandre Grenier is hit by Valentin Zykov and loses puck.
11:36 of 1st period - Snap shot by Matt Puempel.
11:36 of 1st period - Shot Blocked by Jeff Petry.
13:01 of 1st period - Minor Penalty to Kirill Kaprizov for Holding.
13:02 of 1st period - Quinton Howden wins face-off versus Kyle Rau in Thunderbirds zone.
13:02 of 1st period - Quinton Howden is hit by Kyle Rau.
13:45 of 1st period - Slapshot by Joe Morrow.
13:45 of 1st period - Stopped by Igor Bobkov without a rebound.
13:46 of 1st period - Elias Lindholm wins face-off versus Liam O'Brien in Thunderbirds zone.
13:51 of 1st period - Slapshot by Lawson Crouse.
13:51 of 1st period - Goal by Lawson Crouse - Thunderbirds : 2 - Wolves : 2.
13:52 of 1st period - Kyle Rau wins face-off versus Quinton Howden in neutral zone.
14:05 of 1st period - Joe Morrow is hit by Quinton Howden and loses puck.
14:18 of 1st period - Snap shot by Wade Allison.
14:18 of 1st period - Stopped by Igor Bobkov with a rebound.
14:20 of 1st period - Slapshot by Jakub Zboril.
14:20 of 1st period - Shot Blocked by Valentin Zykov.
14:46 of 1st period - Thomas Spelling is hit by Hudson Fasching and loses puck.
14:51 of 1st period - Snap shot by Mitchell Heard.
14:51 of 1st period - Stopped by Ebbe Siönäs without a rebound.
14:52 of 1st period - Kyle Rau wins face-off versus Tanner Laczynski in Wolves zone.
15:02 of 1st period - Minor Penalty to Griffin Reinhart for Tripping.
15:03 of 1st period - Kyle Rau wins face-off versus Quinton Howden in Thunderbirds zone.
15:38 of 1st period - Slapshot by Sebastian Aho.
15:38 of 1st period - Shot Misses the Net.
15:40 of 1st period - Wrist shot by Victor Olofsson.
15:40 of 1st period - Shot Misses the Net.
15:42 of 1st period - Snap shot by Sebastian Aho.
15:42 of 1st period - Shot Blocked by Niklas Hansson.
16:24 of 1st period - Eric Robinson is hit by Michal Jordan and loses puck.
17:02 of 1st period - Penalty to Griffin Reinhart is over, Griffin Reinhart is back on ice.
17:07 of 1st period - Sebastian Aho is hit by Niklas Hansson and loses puck.
17:20 of 1st period - Jalen Chatfield is hit by Griffin Reinhart and loses puck.
18:09 of 1st period - Wrist shot by Nicklas Jensen.
18:09 of 1st period - Stopped by Ebbe Siönäs without a rebound.
18:10 of 1st period - Jerry D'Amigo wins face-off versus Lawson Crouse in Wolves zone.
18:11 of 1st period - Wrist shot by Quinton Howden.
18:11 of 1st period - Shot Misses the Net.
18:39 of 1st period - Snap shot by Matt Puempel.
18:39 of 1st period - Shot Misses the Net.
18:41 of 1st period - Snap shot by Michal Jordan.
18:41 of 1st period - Shot Blocked by Jeffrey Foss.
18:45 of 1st period - Snap shot by Matt Puempel.
18:45 of 1st period - Deflect By Mitchell Heard.
18:45 of 1st period - Stopped by Ebbe Siönäs with a rebound.
18:47 of 1st period - Slapshot by Michal Jordan.
18:47 of 1st period - Stopped by Ebbe Siönäs with a rebound.
18:49 of 1st period - Snap shot by Matt Puempel.
18:49 of 1st period - Shot Misses the Net.
Goals for this period are 2 for Thunderbirds vs 2 for Wolves.
Shots for this period are 12 for Thunderbirds vs 10 for Wolves.
2nd period
0:01 of 2nd period - Quinton Howden wins face-off versus Kyle Rau in neutral zone.
0:06 of 2nd period - Wrist shot by Valentin Zykov.
0:06 of 2nd period - Shot Blocked by Joe Morrow.
0:08 of 2nd period - Slapshot by Jerry D'Amigo.
0:08 of 2nd period - Shot Blocked by Joe Morrow.
0:10 of 2nd period - Slapshot by Griffin Reinhart.
0:10 of 2nd period - Stopped by Ebbe Siönäs without a rebound.
0:11 of 2nd period - Kyle Rau wins face-off versus Quinton Howden in Wolves zone.
0:11 of 2nd period - Kyle Rau is hit by Valentin Zykov.
1:07 of 2nd period - Snap shot by Antti Suomela.
1:07 of 2nd period - Shot Misses the Net.
1:09 of 2nd period - Snap shot by Antti Suomela.
1:09 of 2nd period - Stopped by Igor Bobkov with a rebound.
1:15 of 2nd period - Minor Penalty to Mitchell Heard for Slashing.
1:16 of 2nd period - Quinton Howden wins face-off versus Kyle Rau in Thunderbirds zone.
2:01 of 2nd period - Wrist shot by Alexandre Grenier.
2:01 of 2nd period - Shot Misses the Net.
2:03 of 2nd period - Snap shot by Kyle Rau.
2:03 of 2nd period - Stopped by Igor Bobkov without a rebound.
2:04 of 2nd period - Jerry D'Amigo wins face-off versus Sebastian Aho in Thunderbirds zone.
3:15 of 2nd period - Penalty to Mitchell Heard is over, Mitchell Heard is back on ice.
3:36 of 2nd period - Snap shot by Mitchell Heard.
3:36 of 2nd period - Shot Blocked by Jeff Petry.
4:00 of 2nd period - Snap shot by Michal Jordan.
4:00 of 2nd period - Shot Misses the Net.
4:02 of 2nd period - Slapshot by Nicklas Jensen.
4:02 of 2nd period - Shot Misses the Net.
4:04 of 2nd period - Slapshot by Michal Jordan.
4:04 of 2nd period - Shot Misses the Net.
4:06 of 2nd period - Wrist shot by Nicklas Jensen.
4:06 of 2nd period - Shot Misses the Net.
4:08 of 2nd period - Slapshot by Michal Jordan.
4:08 of 2nd period - Stopped by Ebbe Siönäs with a rebound.
4:20 of 2nd period - Fredrik Olofsson is hit by Valentin Zykov and loses puck.
4:29 of 2nd period - Wrist shot by Tom Kuhnhackl.
4:29 of 2nd period - Stopped by Ebbe Siönäs without a rebound.
4:30 of 2nd period - Kyle Rau wins face-off versus Tanner Laczynski in Wolves zone.
5:24 of 2nd period - Slapshot by Joe Morrow.
5:24 of 2nd period - Shot Blocked by Mitchell Heard.
5:52 of 2nd period - Fredrik Olofsson is hit by Jerry D'Amigo and loses puck.
7:25 of 2nd period - Backhand shot by Kirill Kaprizov.
7:25 of 2nd period - Shot Misses the Net.
7:35 of 2nd period - Slapshot by Matthew Highmore.
7:35 of 2nd period - Goal by Matthew Highmore - Thunderbirds : 2 - Wolves : 3.
7:36 of 2nd period - Quinton Howden wins face-off versus Kyle Rau in neutral zone.
8:08 of 2nd period - Slapshot by Elias Lindholm.
8:08 of 2nd period - Shot Misses the Net.
8:10 of 2nd period - Slapshot by Tom Kuhnhackl.
8:10 of 2nd period - Shot Hit the Post.
8:12 of 2nd period - Snap shot by Elias Lindholm.
8:12 of 2nd period - Stopped by Ebbe Siönäs with a rebound.
8:18 of 2nd period - Minor Penalty to Jeffrey Foss for Tripping.
8:19 of 2nd period - Quinton Howden wins face-off versus Alexandre Grenier in Wolves zone.
8:34 of 2nd period - Snap shot by Quinton Howden.
8:34 of 2nd period - Goal by Quinton Howden - Thunderbirds : 3 - Wolves : 3.
8:35 of 2nd period - Alexandre Grenier wins face-off versus Quinton Howden in neutral zone.
8:57 of 2nd period - Minor Penalty to Niklas Hansson for Hooking.
8:58 of 2nd period - Quinton Howden wins face-off versus Kyle Rau in Thunderbirds zone.
9:09 of 2nd period - Wrist shot by Quinton Howden.
9:09 of 2nd period - Shot Misses the Net.
9:12 of 2nd period - Icing by Alexandre Grenier.
9:13 of 2nd period - Kyle Rau wins face-off versus Quinton Howden in Wolves zone.
9:22 of 2nd period - Snap shot by Kyle Rau.
9:22 of 2nd period - Stopped by Igor Bobkov without a rebound.
9:23 of 2nd period - Quinton Howden wins face-off versus Kyle Rau in Thunderbirds zone.
9:36 of 2nd period - Snap shot by Lawson Crouse.
9:36 of 2nd period - Stopped by Igor Bobkov with a rebound.
9:38 of 2nd period - Slapshot by Joe Morrow.
9:38 of 2nd period - Deflect By Lawson Crouse.
9:38 of 2nd period - Goal by Lawson Crouse - Thunderbirds : 3 - Wolves : 4.
9:39 of 2nd period - Kyle Rau wins face-off versus Quinton Howden in neutral zone.
10:06 of 2nd period - Victor Olofsson is hit by Kirill Kaprizov and loses puck.
10:32 of 2nd period - Slapshot by Jeffrey Foss.
10:32 of 2nd period - Shot Blocked by John Draeger.
10:34 of 2nd period - Wrist shot by Thomas Spelling.
10:34 of 2nd period - Stopped by Igor Bobkov without a rebound.
10:35 of 2nd period - Quinton Howden wins face-off versus Kyle Rau in Thunderbirds zone.
10:42 of 2nd period - Snap shot by Valentin Zykov.
10:42 of 2nd period - Shot Misses the Net.
10:44 of 2nd period - Snap shot by Jerry D'Amigo.
10:44 of 2nd period - Deflect By Quinton Howden.
10:44 of 2nd period - Shot Blocked by Jeff Petry.
10:44 of 2nd period - Puck is out of play.
10:45 of 2nd period - Quinton Howden wins face-off versus Kyle Rau in Wolves zone.
11:10 of 2nd period - Snap shot by Kyle Rau.
11:10 of 2nd period - Shot Misses the Net.
11:23 of 2nd period - Minor Penalty to Valentin Zykov for High sticking.
11:24 of 2nd period - Quinton Howden wins face-off versus Sebastian Aho in Thunderbirds zone.
11:32 of 2nd period - Slapshot by Joe Morrow.
11:32 of 2nd period - Stopped by Igor Bobkov with a rebound.
11:34 of 2nd period - Slapshot by Joe Morrow.
11:34 of 2nd period - Deflect By Eric Robinson.
11:34 of 2nd period - Goal by Eric Robinson - Thunderbirds : 3 - Wolves : 5.
11:34 of 2nd period - Carter Hutton enters game.
11:35 of 2nd period - Quinton Howden wins face-off versus Kyle Rau in neutral zone.
12:01 of 2nd period - Minor Penalty to Quinton Howden for Tripping.
12:02 of 2nd period - Kyle Rau wins face-off versus Kirill Kaprizov in Thunderbirds zone.
12:27 of 2nd period - Victor Olofsson is hit by Jerry D'Amigo and loses puck.
14:01 of 2nd period - Penalty to Quinton Howden is over, Quinton Howden is back on ice.
14:11 of 2nd period - Nicklas Jensen is hit by Antti Suomela and loses puck.
14:39 of 2nd period - Snap shot by Matthew Highmore.
14:39 of 2nd period - Deflect By Wade Allison.
14:39 of 2nd period - Shot Misses the Net.
14:39 of 2nd period - Puck is out of play.
14:40 of 2nd period - Matt Puempel wins face-off versus Antti Suomela in Thunderbirds zone.
15:19 of 2nd period - Samuel Girard is hit by Elias Lindholm and loses puck.
15:51 of 2nd period - Snap shot by Quinton Howden.
15:51 of 2nd period - Deflect By Jerry D'Amigo.
15:51 of 2nd period - Shot Misses the Net.
15:51 of 2nd period - Puck is out of play.
15:52 of 2nd period - Quinton Howden wins face-off versus Sebastian Aho in Wolves zone.
16:03 of 2nd period - Snap shot by Jerry D'Amigo.
16:03 of 2nd period - Stopped by Ebbe Siönäs without a rebound.
16:04 of 2nd period - Kyle Rau wins face-off versus Quinton Howden in Wolves zone.
17:06 of 2nd period - Snap shot by Sebastian Aho.
17:06 of 2nd period - Stopped by Carter Hutton without a rebound.
17:07 of 2nd period - Kyle Rau wins face-off versus Quinton Howden in Thunderbirds zone.
17:14 of 2nd period - Wrist shot by Kyle Rau.
17:14 of 2nd period - Shot Misses the Net.
17:20 of 2nd period - Snap shot by Kyle Rau.
17:20 of 2nd period - Stopped by Carter Hutton without a rebound.
17:21 of 2nd period - Jerry D'Amigo wins face-off versus Kyle Rau in Thunderbirds zone.
17:46 of 2nd period - Griffin Reinhart is hit by Joe Morrow and loses puck.
19:11 of 2nd period - Wrist shot by Nicklas Jensen.
19:11 of 2nd period - Shot Misses the Net.
19:13 of 2nd period - Slapshot by Michal Jordan.
19:13 of 2nd period - Goal by Michal Jordan - Thunderbirds : 4 - Wolves : 5.
19:14 of 2nd period - Elias Lindholm wins face-off versus Kyle Rau in neutral zone.
19:17 of 2nd period - Slapshot by John Draeger.
19:17 of 2nd period - Stopped by Ebbe Siönäs with a rebound.
Goals for this period are 2 for Thunderbirds vs 3 for Wolves.
Shots for this period are 8 for Thunderbirds vs 11 for Wolves.
3rd period
0:01 of 3rd period - Kyle Rau wins face-off versus Quinton Howden in neutral zone.
0:18 of 3rd period - Minor Penalty to Niklas Hansson for Hooking.
0:19 of 3rd period - Kyle Rau wins face-off versus Quinton Howden in Thunderbirds zone.
0:28 of 3rd period - Snap shot by Lawson Crouse.
0:28 of 3rd period - Stopped by Carter Hutton with a rebound.
0:56 of 3rd period - Snap shot by Sebastian Aho.
0:56 of 3rd period - Stopped by Carter Hutton with a rebound.
2:09 of 3rd period - Jake Walman is hit by Sebastian Aho and loses puck.
2:18 of 3rd period - Penalty to Niklas Hansson is over, Niklas Hansson is back on ice.
2:26 of 3rd period - Jake Walman is hit by Jeff Petry and loses puck.
2:53 of 3rd period - Snap shot by Thomas Spelling.
2:53 of 3rd period - Shot Blocked by Tanner Laczynski.
2:55 of 3rd period - Slapshot by Antti Suomela.
2:55 of 3rd period - Shot Misses the Net.
3:37 of 3rd period - Samuel Girard is hit by Nicklas Jensen and loses puck.
3:53 of 3rd period - Minor Penalty to Mitchell Heard for Hooking.
3:54 of 3rd period - Quinton Howden wins face-off versus Kyle Rau in Thunderbirds zone.
5:53 of 3rd period - Penalty to Mitchell Heard is over, Mitchell Heard is back on ice.
6:27 of 3rd period - Slapshot by Hudson Fasching.
6:27 of 3rd period - Shot Blocked by Wade Allison.
6:50 of 3rd period - Thomas Spelling is hit by Nicklas Jensen.
7:53 of 3rd period - Lawson Crouse is hit by Nicklas Jensen and loses puck.
8:04 of 3rd period - Snap shot by Sebastian Aho.
8:04 of 3rd period - Shot Blocked by Tom Kuhnhackl.
8:09 of 3rd period - Icing by Tom Kuhnhackl.
8:10 of 3rd period - Elias Lindholm wins face-off versus Sebastian Aho in Thunderbirds zone.
8:17 of 3rd period - Jeffrey Foss is hit by Elias Lindholm and loses puck.
8:42 of 3rd period - Michal Jordan is hit by Kyle Rau and loses puck.
8:55 of 3rd period - Slapshot by Joe Morrow.
8:55 of 3rd period - Stopped by Carter Hutton without a rebound.
8:56 of 3rd period - Matthew Highmore wins face-off versus Elias Lindholm in Thunderbirds zone.
9:01 of 3rd period - Slapshot by Matthew Highmore.
9:01 of 3rd period - Shot Misses the Net.
9:09 of 3rd period - Slapshot by Griffin Reinhart.
9:09 of 3rd period - Stopped by Ebbe Siönäs with a rebound.
9:11 of 3rd period - Slapshot by Niklas Hansson.
9:11 of 3rd period - Shot Misses the Net.
9:21 of 3rd period - Joe Morrow is hit by Niklas Hansson and loses puck.
9:39 of 3rd period - Icing by Joe Morrow.
9:40 of 3rd period - Kyle Rau wins face-off versus Mitchell Heard in Wolves zone.
9:49 of 3rd period - Snap shot by Kyle Rau.
9:49 of 3rd period - Stopped by Carter Hutton with a rebound.
9:51 of 3rd period - Snap shot by Kyle Rau.
9:51 of 3rd period - Stopped by Carter Hutton with a rebound.
10:50 of 3rd period - Snap shot by Alexandre Grenier.
10:50 of 3rd period - Stopped by Carter Hutton without a rebound.
10:51 of 3rd period - Tanner Laczynski wins face-off versus Sebastian Aho in Thunderbirds zone.
11:02 of 3rd period - Wrist shot by Eric Robinson.
11:02 of 3rd period - Stopped by Carter Hutton without a rebound.
11:03 of 3rd period - Kyle Rau wins face-off versus Quinton Howden in Thunderbirds zone.
11:16 of 3rd period - Wrist shot by Kyle Rau.
11:16 of 3rd period - Shot Blocked by Niklas Hansson.
11:18 of 3rd period - Slapshot by Jeffrey Foss.
11:18 of 3rd period - Deflect By Lawson Crouse.
11:18 of 3rd period - Stopped by Carter Hutton without a rebound.
11:19 of 3rd period - Elias Lindholm wins face-off versus Victor Olofsson in Thunderbirds zone.
11:19 of 3rd period - Elias Lindholm is hit by Sebastian Aho.
11:27 of 3rd period - Slapshot by Tom Kuhnhackl.
11:27 of 3rd period - Shot Misses the Net.
11:29 of 3rd period - Slapshot by Niklas Hansson.
11:29 of 3rd period - Deflect By Kirill Kaprizov.
11:29 of 3rd period - Stopped by Ebbe Siönäs with a rebound.
11:31 of 3rd period - Slapshot by Niklas Hansson.
11:31 of 3rd period - Deflect By Elias Lindholm.
11:31 of 3rd period - Shot Misses the Net.
11:31 of 3rd period - Puck is out of play.
11:32 of 3rd period - Kyle Rau wins face-off versus Quinton Howden in Wolves zone.
11:34 of 3rd period - Minor Penalty to Kyle Rau for Holding.
11:35 of 3rd period - Quinton Howden wins face-off versus Alexandre Grenier in Wolves zone.
13:34 of 3rd period - Penalty to Kyle Rau is over, Kyle Rau is back on ice.
14:22 of 3rd period - Slapshot by Victor Olofsson.
14:22 of 3rd period - Shot Misses the Net.
14:24 of 3rd period - Snap shot by Sebastian Aho.
14:24 of 3rd period - Wolves goal is going for a video replay.
14:24 of 3rd period - The goal is refused. The net was displaced accidentally..
14:25 of 3rd period - Tanner Laczynski wins face-off versus Sebastian Aho in Thunderbirds zone.
14:37 of 3rd period - John Draeger is hit by Joe Morrow and loses puck.
14:44 of 3rd period - Wrist shot by Nicklas Jensen.
14:44 of 3rd period - Stopped by Ebbe Siönäs with a rebound.
14:59 of 3rd period - Snap shot by Griffin Reinhart.
14:59 of 3rd period - Stopped by Ebbe Siönäs with a rebound.
15:13 of 3rd period - Snap shot by Matthew Highmore.
15:13 of 3rd period - Deflect By Wade Allison.
15:13 of 3rd period - Stopped by Carter Hutton with a rebound.
15:21 of 3rd period - Griffin Reinhart is hit by Matthew Highmore.
15:51 of 3rd period - Alexandre Grenier is hit by Kirill Kaprizov and loses puck.
16:03 of 3rd period - Off-side.
16:04 of 3rd period - Elias Lindholm wins face-off versus Antti Suomela in neutral zone.
16:22 of 3rd period - Off-side.
16:23 of 3rd period - Mitchell Heard wins face-off versus Lawson Crouse in neutral zone.
16:26 of 3rd period - Slapshot by Michal Jordan.
16:26 of 3rd period - Stopped by Ebbe Siönäs with a rebound.
16:28 of 3rd period - Wrist shot by Hudson Fasching.
16:28 of 3rd period - Stopped by Ebbe Siönäs without a rebound.
16:29 of 3rd period - Kyle Rau wins face-off versus Mitchell Heard in Wolves zone.
16:31 of 3rd period - Minor Penalty to Alexandre Grenier for Roughing.
16:32 of 3rd period - Valentin Zykov wins face-off versus Zachary Senyshyn in Wolves zone.
18:19 of 3rd period - Michal Jordan is hit by Fredrik Olofsson and loses puck.
18:31 of 3rd period - Penalty to Alexandre Grenier is over, Alexandre Grenier is back on ice.
19:06 of 3rd period - Hudson Fasching is hit by Jakub Zboril and loses puck.
19:30 of 3rd period - Thunderbirds, Carter Hutton is pulled from the net.
19:30 of 3rd period - Snap shot by Hudson Fasching.
19:30 of 3rd period - Stopped by Ebbe Siönäs without a rebound.
19:31 of 3rd period - Pavel Bure call a timeout for Thunderbirds.
19:31 of 3rd period - Quinton Howden wins face-off versus Kyle Rau in Wolves zone.
19:34 of 3rd period - Snap shot by Quinton Howden.
19:34 of 3rd period - Stopped by Ebbe Siönäs with a rebound.
19:36 of 3rd period - Wrist shot by Kirill Kaprizov.
19:36 of 3rd period - Shot Blocked by Jeffrey Foss.
19:38 of 3rd period - Slapshot by Hudson Fasching.
19:38 of 3rd period - Shot Blocked by Lawson Crouse.
19:56 of 3rd period - Snap shot by Kyle Rau.
19:56 of 3rd period - Goal by Kyle Rau - Thunderbirds : 4 - Wolves : 6.
19:56 of 3rd period - Carter Hutton from Thunderbirds was sent back in the game.
19:57 of 3rd period - Elias Lindholm wins face-off versus Antti Suomela in neutral zone.
Goals for this period are 0 for Thunderbirds vs 1 for Wolves.
Shots for this period are 8 for Thunderbirds vs 11 for Wolves.
Output by the SimonT Hockey Simulator (STHS) for Francois Prevost